[Event "Titled Tuesday Blitz April 4 Late 2023"]
[White "Kilpatrick, Callum"]
[Black "Kim, Sergey"]
[WhiteFideId "414425"]
[BlackFideId "13700570"]
[WhiteElo "2351"]
[BlackElo "2523"]
[Result "0-1"]
[Round "06"]
[TimeControl "180+2"]
[Date "2023.04.04"]
[WhiteClock "0:00:22"]
[BlackClock "0:00:26"]

1. e4 e5 2. Nc3 Nf6 3. f4 d5 4. fxe5 Nxe4 5. Nf3 Be7 6. d3 Nxc3 7. bxc3 c5 8. d4 Nc6 9. Bd3 c4 10. Be2 Be6 11. O-O h6 12. Kh1 Qd7 13. Qe1 g5 14. Nd2 O-O-O 15. Bh5 Rdf8 16. a4 Rhg8 17. Nf3 g4 18. Ng1 Bg5 19. Ne2 Qe7 20. Ng3 Bxc1 21. Qxc1 Rg5 22. Rf6 Rh8 23. Qf4 Nb8 24. Rf1 Nd7 25. Bxf7 Nxf6 26. Qxf6 Qxf6 27. Rxf6 Bxf7 28. Rxf7 h5 29. Nf5 h4 30. Ne7+ Kb8 31. Nxd5 Re8 32. Nf6 Re6 33. Kg1 a5 34. Kf2 Rf5+ 35. Ke3 Ka7 36. Rg7 Rfxf6 37. Rxg4 Rf1 38. Rxh4 Rc1 39. Ke4 Rxc2 40. Kd5 Re8 41. Kxc4 Rc8+ 42. Kd5 R2xc3 43. Re4 Rd8+ 44. Ke6 Rc4 45. g4 Rdxd4 46. Rxd4 Rxd4 47. g5 Rxa4 48. g6 Rg4 49. Kf7 Rf4+ 50. Kg8 Re4 51. g7 Rxe5 52. Kf7 Rg5 53. h4 Rxg7+ 54. Kxg7 a4 55. h5 a3 56. h6 a2 57. h7 a1=Q+ 58. Kg8 Qf6 59. h8=Q Qxh8+ 60. Kxh8 b5 61. Kg7 b4 62. Kf6 b3 63. Ke5 b2 0-1


[Site "https://www.chess.com"]

[Event "Titled Tuesday Blitz April 4 Late 2023"]
[White "Sieciechowicz, Marcin"]
[Black "Gubajdullin, Alexei"]
[WhiteFideId "1130170"]
[BlackFideId "4141202"]
[WhiteElo "2302"]
[BlackElo "2279"]
[Result "1-0"]
[Round "06"]
[TimeControl "180+2"]
[Date "2023.04.04"]
[WhiteClock "0:00:53"]
[BlackClock "0:00:11"]

1. d4 Nf6 2. c4 g6 3. Nc3 Bg7 4. e4 O-O 5. f3 d6 6. Be3 Nc6 7. Nge2 a6 8. Qd2 Rb8 9. Rc1 e6 10. Nd1 Bd7 11. Nf2 b5 12. c5 d5 13. e5 Ne8 14. h4 f6 15. f4 fxe5 16. fxe5 Ne7 17. g4 Bc6 18. Nd3 Qd7 19. h5 Rf7 20. Bg2 Bf8 21. Nef4 b4 22. hxg6 hxg6 23. Nh3 Bb5 24. Ng5 Rg7 25. Nf4 Nc6 26. Ngxe6 Re7 27. Nxf8 Kxf8 28. Nxg6+ Kg7 29. Nxe7 Nxe7 30. Bh6+ Kf7 31. Qf4+ Ke6 32. Bh3 Ng6 33. Qf5+ Ke7 34. Bg5+ Nf6 35. Qxf6+ Ke8 36. Qxg6+ Kf8 37. Qf6+ Kg8 38. Qg6+ Qg7 39. Qxg7+ Kxg7 40. Bf6+ Kg6 41. Bf1 Bd3 42. Bxd3+ Kf7 43. Rh7+ Ke6 44. Bf5# 1-0


[Site "https://www.chess.com"]

[Event "Titled Tuesday Blitz April 4 Late 2023"]
[White "Averjanov, Alexey"]
[Black "Meunier-Pion, Jean"]
[WhiteFideId "14109867"]
[BlackFideId "20685327"]
[WhiteElo "2641"]
[BlackElo "2124"]
[Result "0-1"]
[Round "06"]
[TimeControl "180+2"]
[Date "2023.04.04"]
[WhiteClock "0:01:15"]
[BlackClock "0:00:44"]

1. d4 d5 2. c4 c6 3. e3 Nf6 4. Bd3 dxc4 5. Bxc4 Bf5 6. Qb3 e6 7. Qxb7 Nbd7 8. Nf3 Be7 9. Qxc6 Rc8 10. Qa4 O-O 11. Nbd2 Nb6 12. Qb3 Qc7 13. Be2 Bc2 14. Qb5 Ba4 15. Qa6 Qxc1+ 16. Rxc1 Rxc1+ 17. Bd1 Rxd1+ 18. Ke2 Rxh1 19. Qxa7 Bb5+ 20. Nc4 Bxc4+ 21. Kd2 Bb4+ 22. Kc2 Nbd5 23. Ne5 Be2 24. Kb3 Bd1+ 25. Kc4 Rc8+ 26. Kb5 Be2+ 27. Ka4 Rc7 28. Qb8+ Bf8 29. f3 Ra1 30. e4 Bd1+ 31. Kb5 Rxa2 32. b4 Be2+ 33. Nc4 Bxc4# 0-1


[Site "https://www.chess.com"]

[Event "Titled Tuesday Blitz April 4 Late 2023"]
[White "liwadas82"]
[Black "Popov, Mikhail"]
[BlackFideId "4146182"]
[WhiteElo "2470"]
[BlackElo "2244"]
[Result "1-0"]
[Round "06"]
[TimeControl "180+2"]
[Date "2023.04.04"]
[WhiteClock "0:00:11"]
[BlackClock "0:00:07"]

1. e4 e6 2. d4 d5 3. Nd2 c5 4. Ngf3 Nc6 5. exd5 exd5 6. Bb5 Qe7+ 7. Qe2 Qxe2+ 8. Kxe2 a6 9. Bxc6+ bxc6 10. dxc5 Bxc5 11. Nb3 Bd6 12. Be3 Ne7 13. Bc5 Kd7 14. Nfd4 a5 15. a4 Ba6+ 16. Kd2 Bf4+ 17. Kd1 Bc4 18. g3 Bd6 19. Re1 Rhe8 20. Kd2 Rab8 21. Kc3 Bxb3 22. Bxd6 Kxd6 23. Nxb3 c5 24. Nxa5 d4+ 25. Kd3 Kd5 26. Nc4 Nc6 27. c3 Ne5+ 28. Nxe5 Rxe5 29. Rxe5+ Kxe5 30. cxd4+ cxd4 31. a5 Rxb2 32. a6 Rb8 33. a7 Ra8 34. Ra5+ Kd6 35. Kxd4 Kc6 36. Ke5 Re8+ 37. Kf5 Ra8 38. Ra1 Kb7 39. f4 Kb6 40. h4 Kc5 41. Ke5 Re8+ 42. Kf5 Ra8 43. h5 h6 44. Ra5+ Kd4 45. Ra4+ Ke3 46. Ra3+ Kf2 47. Ke5 Kg2 48. g4 Kf2 49. g5 Re8+ 50. Kd5 Ra8 51. gxh6 gxh6 52. Ke5 Kg2 53. Kf6 Kf2 54. Kxf7 Ke2 55. Kg6 Kf2 56. f5 Kg2 57. Kxh6 Kf2 58. Kg7 Ke2 59. f6 Kd2 60. f7 Ke2 61. f8=Q 1-0


[Site "https://www.chess.com"]

[Event "Titled Tuesday Blitz April 4 Late 2023"]
[White "Martins, Bruno Andre Leite"]
[Black "Silva, Caio Henrique Angelico"]
[WhiteFideId "1942255"]
[BlackFideId "22777210"]
[WhiteElo "2240"]
[BlackElo "2096"]
[Result "1-0"]
[Round "06"]
[TimeControl "180+2"]
[Date "2023.04.04"]
[WhiteClock "0:00:07"]
[BlackClock "0:00:01"]

1. e4 c6 2. Nf3 d5 3. Nc3 Bg4 4. h3 Bxf3 5. Qxf3 e6 6. d4 Nf6 7. Be3 Bb4 8. exd5 cxd5 9. Bb5+ Nc6 10. O-O Bxc3 11. bxc3 Qa5 12. c4 a6 13. cxd5 Qxb5 14. dxc6 bxc6 15. Rab1 Qd5 16. Qe2 O-O 17. c4 Qe4 18. Rb3 e5 19. dxe5 Qxe5 20. Rfb1 h6 21. Qf3 Qe6 22. Qf4 Ne4 23. Rd1 Rfd8 24. Rbd3 Rxd3 25. Rxd3 Nf6 26. Rd6 Qc8 27. Qf3 c5 28. Bxh6 Ne8 29. Rc6 Qb7 30. Be3 Rc8 31. Rxc8 Qxc8 32. Qd5 Nf6 33. Qxc5 Qe6 34. Qd4 Qc6 35. a3 Qa4 36. Qd3 Nd7 37. c5 Ne5 38. Qc3 Nc6 39. g3 Qd1+ 40. Kg2 Qd5+ 41. Kg1 Qd1+ 42. Kh2 Qd5 43. Bf4 Nd4 44. h4 Nf3+ 45. Kh3 Ng1+ 46. Kh2 Nf3+ 47. Kg2 Nxh4+ 48. Kf1 Qd1+ 49. Qe1 Qd3+ 50. Qe2 Qb1+ 51. Qe1 Qd3+ 52. Qe2 Qd5 53. Qe8+ Kh7 54. gxh4 Qh1+ 55. Ke2 Qd5 56. Be3 Qc4+ 57. Kf3 Kg6 58. Qe4+ Qxe4+ 59. Kxe4 1-0


[Site "https://www.chess.com"]

[Event "Titled Tuesday Blitz April 4 Late 2023"]
[White "cryptoguru02"]
[Black "Urbina Perez, Juan Antonio"]
[BlackFideId "2217368"]
[WhiteElo "2602"]
[BlackElo "2197"]
[Result "1-0"]
[Round "06"]
[TimeControl "180+2"]
[Date "2023.04.04"]
[WhiteClock "0:01:29"]
[BlackClock "0:01:13"]

1. d4 d5 2. c4 c6 3. Nc3 Nf6 4. Nf3 a6 5. g3 dxc4 6. Bg2 g6 7. O-O Bg7 8. a4 O-O 9. a5 Nbd7 10. Qa4 Nd5 11. Qxc4 Nxc3 12. bxc3 e5 13. e3 Re8 14. Qb3 exd4 15. cxd4 c5 16. Bb2 cxd4 17. Bxd4 Ne5 18. Nxe5 Bxe5 19. Bxe5 Rxe5 20. Rfd1 Qe7 21. Rd5 Rxd5 22. Qxd5 Rb8 23. Rd1 Be6 24. Qd6 Qxd6 25. Rxd6 Kf8 26. Rb6 Bc8 27. Bd5 Ke7 28. e4 f5 29. e5 Kd8 30. e6 Kc7 31. f4 Kd8 32. Kf2 Ke7 33. Ke3 h6 34. Kd4 g5 35. Ke5 gxf4 36. gxf4 1-0


[Site "https://www.chess.com"]

[Event "Titled Tuesday Blitz April 4 Late 2023"]
[White "Wang, Alexander J"]
[Black "Goroshkov, Maksym"]
[WhiteFideId "30955270"]
[BlackFideId "14142716"]
[WhiteElo "2310"]
[BlackElo "2322"]
[Result "1/2-1/2"]
[Round "06"]
[TimeControl "180+2"]
[Date "2023.04.04"]
[WhiteClock "0:00:19"]
[BlackClock "0:00:57"]

1. e4 e5 2. Nf3 d6 3. Bc4 Be7 4. Nc3 Nf6 5. d3 O-O 6. h3 c5 7. Be3 Nc6 8. Qd2 Nd4 9. Bxd4 cxd4 10. Ne2 a6 11. a4 Bd7 12. Bb3 b5 13. axb5 axb5 14. O-O Qc7 15. Ng3 Be6 16. Bxe6 fxe6 17. Ng5 Qd7 18. Nf3 h6 19. c3 dxc3 20. bxc3 Qb7 21. Qe3 Rxa1 22. Rxa1 Ra8 23. Rxa8+ Qxa8 24. Qb6 Qa1+ 25. Kh2 Qxc3 26. Qxb5 Kh7 27. Qc4 Qxc4 28. dxc4 Kg8 29. Kg1 Kf8 30. Kf1 Ke8 31. Ke2 Kd7 32. Kd3 Kc6 33. Nd2 d5 34. cxd5+ exd5 35. exd5+ Kxd5 36. Nde4 Nxe4 37. Nxe4 Ke6 38. Ng3 Bh4 39. Ne4 Kf5 40. g3 Be7 41. f3 Bb4 42. Kc4 Be1 43. Kd3 h5 44. h4 g6 45. Ke2 Bb4 46. Kf2 Be7 47. Ke2 Ke6 48. Kd3 Bb4 49. Kc4 Ba5 50. Kb5 Be1 51. Kc4 Kf5 52. Kd3 Bxg3 53. Nxg3+ Kf4 54. Ne4 Kxf3 55. Ng5+ Kg4 56. Ke4 Kxh4 57. Nf3+ Kg3 58. Nxe5 h4 59. Nf3 h3 60. Ke3 g5 61. Nxg5 h2 62. Ne4+ Kg2 63. Nf2 Kg3 64. Ke2 Kg2 65. Ke1 Kg1 66. Ke2 h1=N 1/2-1/2


[Site "https://www.chess.com"]

[Event "Titled Tuesday Blitz April 4 Late 2023"]
[White "Costachi, Mihnea"]
[Black "Fernandez Sanchez, Mario Andres"]
[WhiteFideId "1217518"]
[BlackFideId "6501621"]
[WhiteElo "2456"]
[BlackElo "2050"]
[Result "0-1"]
[Round "06"]
[TimeControl "180+2"]
[Date "2023.04.04"]
[WhiteClock "0:00:55"]
[BlackClock "0:01:14"]

1. g3 d5 2. Bg2 Nf6 3. Nf3 c6 4. O-O Bf5 5. d3 e6 6. b3 Be7 7. Bb2 O-O 8. Nbd2 h6 9. Ne5 Bh7 10. e4 Nbd7 11. Qe2 Nxe5 12. Bxe5 Nd7 13. Bb2 a5 14. a4 Qc7 15. f4 Bf6 16. e5 Be7 17. g4 Rae8 18. Kh1 f6 19. Rae1 fxe5 20. fxe5 Rxf1+ 21. Rxf1 Rf8 22. Rxf8+ Nxf8 23. Nf3 Qb6 24. h4 Qb4 25. d4 Ng6 26. h5 Nf4 27. Qf2 Nxg2 28. Kxg2 Be4 29. Kg3 Bd8 30. Nd2 Bxc2 31. Qe3 Bg5 32. Qc3 Qxc3+ 33. Bxc3 Bxd2 34. Bxd2 Bxb3 35. Bxa5 Bxa4 36. Bb6 Kf7 37. Kf4 Bd1 38. Kg3 g6 39. hxg6+ Kxg6 40. Kf4 Be2 41. Bc5 Kf7 42. Bb4 b6 43. Bd6 Ke8 44. Bc7 c5 45. Bxb6 c4 46. Ba5 Kd7 47. Bb4 Kc6 48. Bf8 c3 49. Bxh6 c2 50. Kg3 Kb5 51. Bc1 Kc4 52. g5 Kxd4 53. g6 Bh5 54. g7 Bf7 55. Kf4 Bg8 56. Bb2+ Kd3 57. Kg5 d4 58. Kf6 Ke2 59. Ke7 d3 60. Kf8 Bh7 61. g8=Q Bxg8 62. Kxg8 d2 63. Kf7 d1=Q 64. Kxe6 Qb1 65. Ba3 Qb6+ 66. Kf5 Qa5 67. Bb2 Qb5 68. Ba3 Kd3 69. Kf6 Qa6+ 70. e6 Qxa3 71. e7 Qxe7+ 72. Kxe7 c1=Q 0-1


[Site "https://www.chess.com"]

[Event "Titled Tuesday Blitz April 4 Late 2023"]
[White "Weetik, Vjacheslav"]
[Black "Goncalves, Davi Sulzbacher"]
[WhiteFideId "4153472"]
[BlackFideId "2154510"]
[WhiteElo "2469"]
[BlackElo "2182"]
[Result "1-0"]
[Round "06"]
[TimeControl "180+2"]
[Date "2023.04.04"]
[WhiteClock "0:00:06"]
[BlackClock "0:00:03"]

1. d4 Nf6 2. c4 g6 3. Nc3 d5 4. cxd5 Nxd5 5. e4 Nxc3 6. bxc3 Bg7 7. Bg5 c5 8. Rc1 O-O 9. Nf3 Nc6 10. d5 Ne5 11. Nxe5 Bxe5 12. Bd3 Qd6 13. Qd2 Bd7 14. f4 Bg7 15. c4 e5 16. O-O exf4 17. Bxf4 Be5 18. Kh1 Bxf4 19. Rxf4 Qe5 20. Rcf1 a6 21. Qf2 Qe7 22. e5 b5 23. h3 Qxe5 24. Rxf7 Bf5 25. Rxf8+ Rxf8 26. Qxc5 Rc8 27. Qa3 Qe3 28. Rf3 Qe1+ 29. Kh2 Qe5+ 30. Kh1 Bxd3 31. Rxd3 bxc4 32. Rd1 c3 33. Qxa6 Rf8 34. Qc4 Rf2 35. d6+ Kg7 36. d7 Qg3 37. Qd4+ Kh6 38. Rg1 Rd2 39. d8=Q 1-0


[Site "https://www.chess.com"]

[Event "Titled Tuesday Blitz April 4 Late 2023"]
[White "marik_spb"]
[Black "Manzone, Alessandro"]
[BlackFideId "112488"]
[WhiteElo "2407"]
[BlackElo "2255"]
[Result "1/2-1/2"]
[Round "06"]
[TimeControl "180+2"]
[Date "2023.04.04"]
[WhiteClock "0:00:15"]
[BlackClock "0:00:17"]

1. d4 Nf6 2. c4 e6 3. Nf3 Bb4+ 4. Bd2 a5 5. g3 d6 6. Bg2 Nbd7 7. O-O e5 8. dxe5 Nxe5 9. Nxe5 dxe5 10. a3 Bxd2 11. Qxd2 Qxd2 12. Nxd2 c6 13. b4 Be6 14. Rfd1 Ke7 15. c5 Rhd8 16. Ne4 Nxe4 17. Bxe4 axb4 18. axb4 Rxa1 19. Rxa1 Rd4 20. Bd3 Rxb4 21. h4 e4 22. Rb1 Rxb1+ 23. Bxb1 Bd5 24. e3 h6 25. Kf1 Kd7 26. Ke2 Kc7 27. Kd2 b6 28. cxb6+ Kxb6 29. Kc3 Kc5 30. Bc2 g5 31. hxg5 hxg5 32. Bd1 Kd6 33. Kd4 c5+ 34. Kc3 Bb7 35. Bb3 f6 36. Bd1 Ba6 37. Bg4 Ke5 38. Bd7 f5 39. Ba4 f4 40. gxf4+ gxf4 41. Bd7 Bd3 42. Bg4 fxe3 43. fxe3 Kf6 44. Bd7 Kg5 45. Kd2 Kh4 46. Be6 Kg3 47. Bd7 Kf2 48. Be6 Be2 49. Bf5 Bf3 50. Be6 Kg3 51. Bf7 Kg4 52. Be6+ Kg5 53. Kc3 Be2 54. Bd7 Kf6 55. Bc8 Ke5 56. Bh3 Kd6 57. Bf5 Bd3 58. Bh3 Kc6 59. Be6 Kb5 60. Bd7+ Ka5 61. Be8 Bb5 62. Bg6 Bd3 63. Be8 Kb6 64. Bd7 Kc7 65. Bf5 Kd6 66. Bg6 Ke5 67. Be8 Ba6 68. Bd7 Be2 69. Bh3 Kf6 70. Bd7 Bd3 71. Bc8 Kg5 72. Bd7 Be2 73. Bc8 Bg4 74. Bb7 Bf3 75. Kc4 Kg4 76. Kxc5 Kf5 77. Kd4 Bg2 78. Bc8+ Kf6 79. Bg4 Bf3 80. Bh3 Bh1 81. Bf1 Bf3 82. Bb5 Bh1 83. Bd7 Bf3 84. Bc8 Bh1 85. Kc3 Bf3 86. Kd2 Bh1 87. Ke1 Bf3 88. Kf2 Ke5 89. Kg3 Bh5 90. Bg4 Bf7 91. Be2 Bd5 92. Kg4 Be6+ 93. Kg5 Bd5 94. Bg4 Bb3 95. Bh3 Bc2 96. Bg2 Bd3 97. Bxe4 Bxe4 98. Kh4 Bf5 99. Kg3 Ke4 100. Kh4 Bg4 101. Kxg4 Kxe3 1/2-1/2


[Site "https://www.chess.com"]

[Event "Titled Tuesday Blitz April 4 Late 2023"]
[White "Cuenca Jimenez, Jose Fernando"]
[Black "Senft, Sean"]
[WhiteFideId "2255570"]
[BlackFideId "2044960"]
[WhiteElo "2429"]
[BlackElo "1989"]
[Result "1-0"]
[Round "06"]
[TimeControl "180+2"]
[Date "2023.04.04"]
[WhiteClock "0:00:07"]
[BlackClock "0:00:06"]

1. c4 c5 2. Nf3 Nc6 3. d4 cxd4 4. Nxd4 g6 5. e4 Bg7 6. Be3 d6 7. Nc3 Nf6 8. Be2 O-O 9. O-O Nd7 10. Qd2 Nc5 11. Rad1 Bd7 12. f3 Rc8 13. b3 Nxd4 14. Bxd4 Bxd4+ 15. Qxd4 Bc6 16. b4 Ne6 17. Qxa7 b6 18. Qa3 Nf4 19. Qb2 Qc7 20. Rc1 Qa7 21. Kh1 Ra8 22. b5 Bb7 23. a4 Rfc8 24. Rfd1 Qa5 25. Bf1 Ne6 26. Ra1 Rc7 27. Rab1 Nc5 28. Ra1 Bc8 29. Nd5 Rb7 30. Nb4 Bd7 31. h4 h5 32. Kh2 Qa7 33. Nd5 Be6 34. Nb4 Bd7 35. Qc3 Qb8 36. g3 Rxa4 37. Nd5 Be6 38. Nb4 Bd7 39. Rxa4 Nxa4 40. Qd4 Rc7 41. Na6 Qc8 42. Nxc7 Qxc7 43. Ra1 Nc5 44. Ra8+ Bc8 45. Qd5 Kg7 46. Qc6 Qxc6 47. bxc6 Be6 48. c7 Kf6 49. c8=Q Bxc8 50. Rxc8 Ke5 51. Rc7 Ke6 52. Ra7 Nb3 53. Kg2 f5 54. Rb7 fxe4 55. fxe4 Nd2 56. Rxb6 Nxe4 57. Bd3 Nc5 58. Bxg6 Na4 59. Rb4 Nc3 60. Bxh5 Ke5 61. Rb3 Ne4 62. Re3 Kd4 63. Re1 Nd2 64. Rxe7 Nxc4 65. Bf7 Nd2 66. h5 1-0


[Site "https://www.chess.com"]

[Event "Titled Tuesday Blitz April 4 Late 2023"]
[White "Qiao, Cindy"]
[Black "Domingo Nunez, Ruben"]
[WhiteFideId "2620243"]
[BlackFideId "22245570"]
[WhiteElo "1777"]
[BlackElo "2404"]
[Result "0-1"]
[Round "06"]
[TimeControl "180+2"]
[Date "2023.04.04"]
[WhiteClock "0:01:52"]
[BlackClock "0:02:27"]

1. d4 g6 2. Bf4 Bg7 3. Nc3 c6 4. e4 d5 5. e5 f6 6. Nf3 Bg4 7. Be2 Bxf3 8. Bxf3 fxe5 9. Bxe5 Bxe5 10. dxe5 Nd7 11. Qe2 Qc7 12. e6 Nc5 13. O-O-O Nf6 14. h4 O-O-O 15. Bg4 Qf4+ 16. Qe3 Qxe3+ 17. fxe3 Nxg4 18. Rdf1 Rdf8 19. Kd2 Nxe6 20. Ne2 Nf2 21. Rh2 Ne4+ 22. Ke1 Rxf1+ 23. Kxf1 Rf8+ 24. Ke1 Ng7 25. g4 Rf3 26. h5 gxh5 27. gxh5 Rxe3 28. h6 Nf5 29. Kd1 Rf3 30. c3 Ne3+ 0-1


[Site "https://www.chess.com"]

[Event "Titled Tuesday Blitz April 4 Late 2023"]
[White "Buchenau, Frank"]
[Black "Janaszak, Dawid"]
[WhiteFideId "4604350"]
[BlackFideId "1119206"]
[WhiteElo "2157"]
[BlackElo "2220"]
[Result "0-1"]
[Round "06"]
[TimeControl "180+2"]
[Date "2023.04.04"]
[WhiteClock "0:00:01"]
[BlackClock "0:00:19"]

1. e4 c5 2. Nf3 Nc6 3. Bb5 e5 4. O-O Nge7 5. c3 g6 6. d4 cxd4 7. cxd4 exd4 8. Nxd4 Bg7 9. Be3 O-O 10. Nc3 d5 11. exd5 Nxd5 12. Nxd5 Qxd5 13. Nxc6 Qxb5 14. Ne7+ Kh8 15. Bd4 Be6 16. Bxg7+ Kxg7 17. Qd4+ f6 18. Rfe1 Bf7 19. a4 Qa6 20. Rad1 Rfe8 21. h4 Qa5 22. b4 Qh5 23. Re3 Rad8 24. Qxd8 Rxd8 25. Rxd8 Qxh4 26. Rd7 Qxb4 27. Nd5 Qxa4 28. Ree7 Qd1+ 29. Kh2 Qh5+ 30. Kg1 Qd1+ 31. Kh2 Kh6 32. Rxf7 Qh5+ 33. Kg3 Qe5+ 34. Kf3 Kg5 35. Rxh7 f5 36. Nf4 Qe4+ 37. Kg3 Qxf4+ 38. Kh3 Qxf2 39. Rdg7 f4 40. Rg8 Qg3# 0-1


[Site "https://www.chess.com"]

[Event "Titled Tuesday Blitz April 4 Late 2023"]
[White "Fiorito, Francisco"]
[Black "Lopez Del Alamo, Antonio"]
[WhiteFideId "180165"]
[BlackFideId "2227339"]
[WhiteElo "2341"]
[BlackElo "2175"]
[Result "1-0"]
[Round "06"]
[TimeControl "180+2"]
[Date "2023.04.04"]
[WhiteClock "0:00:30"]
[BlackClock "0:00:02"]

1. d4 Nf6 2. Bf4 d5 3. e3 e6 4. Nf3 Bd6 5. Bg3 O-O 6. Bd3 c5 7. c3 Nc6 8. Nbd2 Qc7 9. dxc5 Bxg3 10. hxg3 e5 11. e4 d4 12. cxd4 Nxd4 13. Nxd4 exd4 14. Qc2 h6 15. O-O Ng4 16. Nf3 Rd8 17. Rfe1 Be6 18. b4 Rac8 19. Rac1 Qe7 20. Qb2 a6 21. Rcd1 Rc7 22. e5 Rcd7 23. Re4 h5 24. Rde1 g6 25. Rf4 Bd5 26. Qe2 Bxf3 27. gxf3 Nh6 28. Rf6 Kg7 29. f4 Ng8 30. Rb6 Qe8 31. Qe4 Ne7 32. Rd6 Nc6 33. a3 Rxd6 34. cxd6 Qe6 35. Rc1 h4 36. Kg2 hxg3 37. fxg3 Rh8 38. Rg1 Qa2+ 39. Qe2 Qxa3 40. e6 fxe6 41. Qxe6 Qb2+ 42. Kf3 Qd2 43. Qxg6+ Kf8 44. Qf6+ Kg8 45. Bc4+ Kh7 46. Rh1+ Qh2 47. Rxh2# 1-0


[Site "https://www.chess.com"]

[Event "Titled Tuesday Blitz April 4 Late 2023"]
[White "Mirimanian, Hayk"]
[Black "Weisz, Bryan"]
[WhiteFideId "4700180"]
[BlackFideId "30934133"]
[WhiteElo "2280"]
[BlackElo "2353"]
[Result "0-1"]
[Round "06"]
[TimeControl "180+2"]
[Date "2023.04.04"]
[WhiteClock "0:00:02"]
[BlackClock "0:00:07"]

1. e4 c5 2. Nf3 Nc6 3. Bb5 g6 4. Bxc6 dxc6 5. h3 Bg7 6. d3 e5 7. Be3 b6 8. Qd2 Ne7 9. Nc3 O-O 10. O-O-O f6 11. g4 Be6 12. Bh6 Qd7 13. Bxg7 Kxg7 14. g5 fxg5 15. Nxe5 Qd4 16. Qxg5 Rf6 17. Rdf1 Raf8 18. Rh2 Ng8 19. Qg3 b5 20. Kb1 b4 21. Ne2 Qd6 22. f4 c4 23. Nxc4 Bxc4 24. e5 Bxa2+ 25. Kc1 Qd5 26. exf6+ Nxf6 27. Qe3 Qa5 28. Qd4 Bd5 29. b3 Rd8 30. Qb2 Qc5 31. f5 Qe3+ 32. Kb1 g5 33. Nd4 c5 34. Ne6+ Bxe6 35. fxe6 Qxe6 36. Rhf2 Rf8 37. Rf5 Kg6 38. Rxc5 Qxh3 39. Rcf5 Qxf5 40. Rxf5 Kxf5 41. Qd4 Re8 42. Qxb4 g4 43. Qb5+ Kg6 44. Qb7 g3 45. d4 Re1+ 46. Kb2 Re4 47. d5 g2 48. Qxa7 Re1 49. Qf2 g1=Q 50. Qxg1+ Rxg1 51. d6 Rd1 0-1


[Site "https://www.chess.com"]

[Event "Titled Tuesday Blitz April 4 Late 2023"]
[White "Jimenez Almeida, Luis David"]
[Black "micke12a"]
[WhiteFideId "22242244"]
[WhiteElo "2245"]
[BlackElo "2345"]
[Result "1-0"]
[Round "06"]
[TimeControl "180+2"]
[Date "2023.04.04"]
[WhiteClock "0:00:19"]
[BlackClock "0:00:01"]

1. e4 c5 2. Nc3 a6 3. Nge2 b5 4. d4 cxd4 5. Nxd4 Bb7 6. Bd3 d6 7. O-O Nf6 8. Re1 e6 9. a4 b4 10. Na2 a5 11. c3 bxc3 12. Nxc3 Be7 13. Bb5+ Nbd7 14. Nc6 Bxc6 15. Bxc6 Rc8 16. Bb5 O-O 17. Be3 Nb6 18. Qe2 Qc7 19. Rac1 Qb8 20. f3 Rfd8 21. Bd4 d5 22. e5 Nfd7 23. f4 Bc5 24. Qf2 Bxd4 25. Qxd4 Nc5 26. Rcd1 Qc7 27. Kh1 Nb3 28. Qf2 Qc5 29. Qh4 Nd4 30. Bd3 g6 31. Qg4 Qb4 32. Bf1 Nc6 33. h4 Qxb2 34. Nb5 Nxa4 35. h5 Nc3 36. Nxc3 Qxc3 37. Bd3 Ne7 38. Qg5 Nf5 39. h6 Rc7 40. Bxf5 exf5 41. Qxd8# 1-0


[Site "https://www.chess.com"]

[Event "Titled Tuesday Blitz April 4 Late 2023"]
[White "Schuster, Karsten"]
[Black "Fonseca Manrique, Enrique"]
[WhiteFideId "4611071"]
[BlackFideId "5114330"]
[WhiteElo "2294"]
[BlackElo "2520"]
[Result "1/2-1/2"]
[Round "06"]
[TimeControl "180+2"]
[Date "2023.04.04"]
[WhiteClock "0:01:18"]
[BlackClock "0:00:30"]

1. d4 Nf6 2. c4 c5 3. d5 b5 4. Nf3 g6 5. d6 exd6 6. Bg5 bxc4 7. Nc3 Bb7 8. e4 Be7 9. Bxc4 O-O 10. Qd3 Nc6 11. Bxf6 Bxf6 12. Qxd6 Nd4 13. O-O Nxf3+ 14. gxf3 Bd4 15. Nd5 Bxd5 16. Bxd5 Qg5+ 17. Qg3 Qxg3+ 18. hxg3 Rab8 19. Rab1 Rxb2 20. Rxb2 Bxb2 21. Rb1 Rb8 22. f4 Kf8 23. Bb3 Bd4 24. Rc1 Ke7 25. Kg2 f6 26. Kf3 h5 27. Rc2 Rb4 28. Bc4 a5 29. Bd3 a4 30. e5 f5 31. Rc4 d5 32. Rxb4 cxb4 33. Bc2 a3 34. Bb3 Ke6 35. Ke2 Bc5 36. f3 Bd4 37. Bc2 Bc5 38. Bb3 Bd4 39. Bc2 Bg1 40. Bb3 Bc5 41. Bc2 Be7 42. Bb3 h4 43. gxh4 Bxh4 44. Ke3 Bg3 45. Kd4 Bf2+ 46. Kd3 Bg1 47. Ke2 Bd4 48. Kd3 Bb2 49. Ke3 Bc3 50. Kd3 Bb2 51. Ke3 Bc3 52. Kd3 Bb2 1/2-1/2


[Site "https://www.chess.com"]

[Event "Titled Tuesday Blitz April 4 Late 2023"]
[White "Ozalp, Burak"]
[Black "Vovk, Orest"]
[WhiteFideId "6314210"]
[BlackFideId "14113490"]
[WhiteElo "2106"]
[BlackElo "2215"]
[Result "0-1"]
[Round "06"]
[TimeControl "180+2"]
[Date "2023.04.04"]
[WhiteClock "0:00:12"]
[BlackClock "0:00:58"]

1. d4 e5 2. dxe5 Nc6 3. Nf3 Qe7 4. g3 Nxe5 5. Nxe5 Qxe5 6. Bg2 Nf6 7. O-O Bc5 8. Nd2 O-O 9. Nf3 Qh5 10. a3 d5 11. b4 Bb6 12. Bb2 Ne4 13. c4 dxc4 14. Qc2 Nd6 15. Qc3 f6 16. Rad1 Bh3 17. Bxh3 Qxh3 18. Rd5 Rae8 19. Qd2 Ne4 20. Qf4 c3 21. Bc1 g5 22. Qf5 Qxf5 23. Rxf5 Nxf2 24. Rxf2 Rxe2 25. Nxg5 Rxf2 26. Rxf2 fxg5 0-1


[Site "https://www.chess.com"]

[Event "Titled Tuesday Blitz April 4 Late 2023"]
[White "Mei, Austin"]
[Black "Rodriguez Santiago, Jaime"]
[WhiteFideId "30948479"]
[BlackFideId "3100898"]
[WhiteElo "2125"]
[BlackElo "2025"]
[Result "1-0"]
[Round "06"]
[TimeControl "180+2"]
[Date "2023.04.04"]
[WhiteClock "0:02:36"]
[BlackClock "0:01:42"]

1. e4 c6 2. d4 d5 3. f3 dxe4 4. fxe4 e5 5. Nf3 Bg4 6. c3 exd4 7. Bc4 Nd7 8. O-O Ngf6 9. cxd4 Be7 10. Nc3 O-O 11. e5 Nd5 12. Nxd5 cxd5 13. Bxd5 Nb6 14. Be4 Bxf3 15. Rxf3 g6 16. Bh6 Re8 17. Rxf7 1-0


[Site "https://www.chess.com"]

[Event "Titled Tuesday Blitz April 4 Late 2023"]
[White "K2JW"]
[Black "Pires, Marcos Vinicius Torsani"]
[BlackFideId "2118939"]
[WhiteElo "2334"]
[BlackElo "2273"]
[Result "1-0"]
[Round "06"]
[TimeControl "180+2"]
[Date "2023.04.04"]
[WhiteClock "0:00:05"]
[BlackClock "0:00:04"]

1. d4 Nf6 2. c4 g6 3. Nc3 Bg7 4. e4 d6 5. Nf3 O-O 6. Be2 e5 7. Be3 exd4 8. Nxd4 Re8 9. f3 c6 10. Bf2 d5 11. exd5 cxd5 12. O-O Nc6 13. c5 a6 14. Qd2 Ne5 15. b3 Qc7 16. Na4 Bd7 17. Nb6 Rad8 18. Rac1 Bc6 19. Bg3 Qe7 20. Bxe5 Qxe5 21. Nxc6 bxc6 22. Bxa6 Qh5 23. Rce1 Bh6 24. Qd4 Bg7 25. Qa4 Qg5 26. Qxc6 Qd2 27. Rd1 Qxa2 28. Nc8 Qxb3 29. Nd6 Re7 30. Rfe1 Nh5 31. Kh1 Qc2 32. Qb5 Rxe1+ 33. Rxe1 Nf4 34. Re8+ Rxe8 35. Qxe8+ Bf8 36. Qxf7+ Kh8 37. Qxf8# 1-0


[Site "https://www.chess.com"]

[Event "Titled Tuesday Blitz April 4 Late 2023"]
[White "Papayan, Oleg"]
[Black "Kirillov, Dmitry"]
[WhiteFideId "4193911"]
[BlackFideId "34180572"]
[WhiteElo "2153"]
[BlackElo "2111"]
[Result "1-0"]
[Round "06"]
[TimeControl "180+2"]
[Date "2023.04.04"]
[WhiteClock "0:00:25"]
[BlackClock "0:00:08"]

1. e4 c6 2. Nc3 d5 3. Nf3 e6 4. d4 Nf6 5. Bd3 Be7 6. O-O O-O 7. Qe2 dxe4 8. Nxe4 Nbd7 9. Ng3 c5 10. c3 b6 11. Bf4 Bb7 12. Rad1 Qc8 13. Nf5 exf5 14. Qxe7 Ne4 15. Ne5 Nxe5 16. Bxe5 cxd4 17. Bxd4 Re8 18. Qh4 Qc6 19. f3 Nd6 20. Qg5 f6 21. Bxf6 Qc7 22. Rfe1 Qf7 23. Bd4 Qg6 24. Qxg6 hxg6 25. Kf2 Kf7 26. h4 Bd5 27. b3 Bb7 28. Be5 Nc8 29. Bc4+ Kf8 30. Bxg7+ 1-0


[Site "https://www.chess.com"]